 Dungeon Crawl Stone Soup version 0.31-a0-202-g547052bce9 (webtiles) character file.

Game seed: 11153762125298826213

28 qw the Shooter (level 3, 0/20 HPs)
             Began as a Deep Elf Hunter on June 26, 2023.
             Slain by a worm (5 damage)
             ... on level 2 of the Dungeon.
             The game lasted 00:00:18 (544 turns).

qw the Shooter (Deep Elf Hunter)                     Turns: 544, Time: 00:00:18

Health: 0/20       AC:  6    Str: 10    XL:     3   Next: 0%
Magic:  5/5        EV:  9    Int: 13    God:
Gold:   73         SH:  0    Dex: 18    Spells: 2/2 levels left

rFire   . . .        Y - +0 shortbow
rCold   . . .        (shield currently unavailable)
rNeg    . . .        e - +0 scale mail
rPois   +            (no helmet)
rElec   .            (no cloak)
rCorr   .            (no gloves)
SInv    .            (no boots)
Will    .....        (no amulet)
Stlth   +            i - ring of poison resistance
HPRegen 0.23/turn    (no ring)
MPRegen 0.09/turn

%: no passive effects
@: no status effects
A: no striking features
a: no special abilities


You were on level 2 of the Dungeon.
You visited 1 branch of the dungeon, and saw 2 of its levels.

You collected 73 gold pieces.


   Skills:
 - Level 1.5 Fighting
 + Level 6.6 Ranged Weapons
 - Level 2.4 Dodging
 - Level 1.2 Stealth


You had 2 spell levels left.
You didn't know any spells.
Your spell library was empty.

Inventory:

Hand Weapons
 Y - a +0 shortbow (weapon)
Armour
 e - a +0 scale mail (worn)
Jewellery
 i - a ring of poison resistance (left hand)
Potions
 g - a potion of mutation {unknown}
 k - a potion of haste
 l - a potion of heal wounds {unknown}

Dungeon Overview and Level Annotations

Branches:
Dungeon (2/15)

Altars:

Shops:
D:1 !


Message History

There are monsters nearby!
Waypoint 1 assigned to D:2.
You shoot an arrow.
The arrow hits the worm but does no damage.
The orc priest invokes the aid of Beogh against you.
Pain shoots through your body!
An orc comes into view. It is wielding a +0 trident.
515 ||| STAIRDANCE The orc shouts!
You climb upwards.
There is a stone staircase leading down here.
Enter note:
Enter note: You start resting.
Your extra speed is starting to run out.
You feel yourself slow down.
HP restored.
Done exploring.
(D) Dungeon
Where to? (* - list waypoints, Enter - D:2, ? - help)
What level of the Dungeon? (default 1, ? - help)
You climb downwards.
The ball python closely misses you. The ball python grabs you.
The ball python constricts you. The worm barely misses you.
There is a stone staircase leading up here.
You shoot an arrow. The arrow hits the ball python.
You kill the ball python!
You have reached level 3!
Your experience leads to an increase in your attributes!
Increase (S)trength, (I)ntelligence, or (D)exterity?
You feel stronger. x2
You shoot an arrow. The arrow barely misses the worm.
The arrow closely misses the orc priest.
The orc priest mumbles some strange prayers to Beogh against you.
Beogh smites you!
Ouch! That really hurt!
The orc hits you with a +0 short sword. The worm bites you but does no damage.
The orc hits you with a +0 short sword.
544 ||| STAIRDANCE The worm bites you.
You die...

....#..
.......
.:....#
##......#
#.......#
#..o....#
#owo....#
#@......#
##.......
.......
.......
.......
.......
.......
....?..


You could see a worm, an orc priest and 2 orcs.

Vanquished Creatures
  6 endoplasms (D:1)
  A giant cockroach (D:1)
  4 hobgoblins (D:1)
  A quokka (D:1)
  3 ball pythons
  4 bats (D:1)
  2 frilled lizards (D:1)
  2 goblins (D:1)
  2 kobolds (D:1)
  2 rats (D:1)
27 creatures vanquished.

Notes
Turn   | Place    | Note
-------+----------+-------------------------------------------
     0 | D:1      | qw the Deep Elf Hunter began the quest for the Orb.
     0 | D:1      | Reached XP level 1. HP: 12/12 MP: 3/3
     0 | D:1      | 0 ||| qw: Version: 0.3-a-22-g0ed2b0b
     0 | D:1      | 0 ||| qw: Game counter: 5741
     0 | D:1      | 0 ||| qw: Melee chars always use a shield: true
     0 | D:1      | 0 ||| qw: God list: Okawaru
     0 | D:1      | 0 ||| qw: Allow faded altars: false
     0 | D:1      | 0 ||| qw: Do Orc after clearing Dungeon:15 true
     0 | D:1      | 0 ||| qw: Do second Lair branch before Depths: true
     0 | D:1      | 0 ||| qw: Lair rune preference: random
     0 | D:1      | 0 ||| qw: Goals: Normal
     0 | D:1      | 0 ||| PLANNING D:1-11
   119 | D:1      | Found Qaown's Distillery.
   127 | D:1      | Reached XP level 2. HP: 16/16 MP: 4/4
   133 | D:1      | 133 ||| SHOPLISTING potion of cancellation (80 gold, have
                  | 17).
   133 | D:1      | 133 ||| SHOPLISTING potion of curing (30 gold, have 17).
   133 | D:1      | 133 ||| SHOPLISTING potion of haste (100 gold, have 17).
   133 | D:1      | 133 ||| SHOPLISTING potion of might (40 gold, have 17).
   160 | D:1      | Reached skill level 6 in Ranged Weapons
   451 | D:1      | 451 ||| UPGRADING to +0 scale mail.
   461 | D:1      | 461 ||| DROPPING +0 leather armour.
   462 | D:1      | 462 ||| UPGRADING to ring of poison resistance.
   463 | D:1      | 463 ||| READING scroll labelled HIOM XUATZEO.
   464 | D:1      | 464 ||| READING scroll labelled LOFUCS MOTEO.
   465 | D:1      | 465 ||| READING scroll labelled ERIWKUE LUTUK.
   466 | D:1      | 466 ||| DRINKING 3 smoky emerald potions.
   488 | D:1      | 488 ||| DRINKING 2 glowing pink potions.
   489 | D:1      | 489 ||| DROPPING scroll of butterflies.
   490 | D:1      | 490 ||| DROPPING 2 potions of lignification.
   515 | D:2      | 515 ||| STAIRDANCE
   543 | D:2      | Reached XP level 3. HP: 19/20 MP: 5/5
   543 | D:2      | HP: 5/20 [orc/+0 short sword (4)]
   544 | D:2      | 544 ||| STAIRDANCE
   544 | D:2      | Slain by a worm

Levels and vault maps discovered:
D:1:      psy_arrival_terrarium, layout_rooms, serial_shops, shop
D:2:      layout_basic, minmay_pentomino_p4

Skill      XL: |  1  2 |
---------------+-------+-----
Ranged Weapons | 6 |  6.6
Fighting       | |  1.5
Dodging        | |  2.4
Stealth        | |  1.2

Action                     || total
---------------------------++-------
   Fire: Shortbow          ||    63
    Use: Scroll            ||     3
         Potion            ||     2
 Armour: Leather armour    ||     6
         Scale mail        ||     1
  Dodge: Dodged            ||     8

Table legend:
 A = Non-vault XP
 B = Vault XP
 C = Vault XP percentage of total XP
 D = Non-vault monster count
 E = Vault monster count
 F = Vault count percentage of total count
                 A         B        C        D         E       F
            +---------+---------+-------+---------+---------+-------
      Total |      41 |       0 |   0.0 |      27 |       0 |   0.0
            +---------+---------+-------+---------+---------+-------
        D:1 |      40 |       0 |   0.0 |      26 |       0 |   0.0
        D:2 |       1 |       0 |   0.0 |       1 |       0 |   0.0
            +---------+---------+-------+---------+---------+-------
